 Dungeon Crawl Stone Soup version 0.30-a0-626-gd6a5dd7a1f (webtiles) character file.

Game seed: 7637050688477083950

853 bmack86 the Trooper (level 7, -2/64 HPs)
             Began as a Minotaur Fighter on Jan 12, 2023.
             Slain by a killer bee (6 damage)
             ... on level 5 of the Dungeon.
             The game lasted 00:10:03 (3752 turns).

bmack86 the Trooper (Minotaur Fighter)              Turns: 3752, Time: 00:10:04

Health: -2/64      AC: 14    Str: 23    XL:     7   Next: 70%
Magic:  6/6        EV:  7    Int:  5    God:
Gold:   265        SH:  5    Dex:  9    Spells: 6/6 levels left

rFire   . . .      SeeInvis .    a - +0 war axe
rCold   . . .      Faith    .    c - +0 buckler
rNeg    . . .      Spirit   .    o - +0 chain mail
rPois   .          Reflect  .    (helmet restricted)
rElec   .          Harm     .    (no cloak)
rCorr   .          Rampage  .    (no gloves)
Will    .....                    (no boots) Stlth
                                 (no amulet)
HPRegen 0.30/turn                l - +4 ring of protection
MPRegen 0.10/turn                (no ring)

@: lethally poisoned (-2 -> -22)
A: horns 2, retaliatory headbutt
a: no special abilities


You were on level 5 of the Dungeon.
You visited 2 branches of the dungeon, and saw 6 of its levels.
You also visited: Sewer.

You collected 265 gold pieces.

Inventory:

Hand Weapons
 a - a +0 war axe (weapon)
Missiles
 n - 3 poisoned darts (quivered)
Armour
 b - a +0 scale mail
 c - a +0 buckler (worn)
 o - a +0 chain mail (worn)
Jewellery
 l - a +4 ring of protection (left hand)
 r - an amulet of faith
Wands
 m - a wand of flame (3)
Scrolls
 i - a scroll of enchant weapon
 q - 2 scrolls of teleportation {unknown}
Potions
 d - 3 potions of might
 e - 2 potions of flight
 f - 2 potions of curing
 g - 3 potions of haste
 h - a potion of cancellation
 j - 2 potions of berserk rage
 k - 3 potions of heal wounds
 p - a potion of attraction
 s - a potion of brilliance
 t - a potion of invisibility


   Skills:
 * Level 6.9 Fighting
 * Level 6.4 Axes
 + Level 5.5 Armour
 + Level 5.5 Shields
 - Level 1.0 Evocations


You had 6 spell levels left.
You didn't know any spells.
Your spell library contained the following spells:

 Spells                   Type           Power      Damage    Failure   Level
 Apportation              Tloc           0%         N/A       99%         1
 Magic Dart               Conj           0%         1d3       99%         1
 Necrotise                Necr           0%         1d4       99%         1
 Summon Small Mammal      Summ           0%         N/A       99%         1
 Searing Ray              Conj           0%         2d4       100%        2
 Fulminant Prism          Conj/Hex       0%         3d5       100%        4


Dungeon Overview and Level Annotations

Branches:
Dungeon (5/15)             Temple (1/1) D:4           Sewer (visited)

Altars:
Ashenzari
Cheibriados
Dithmenos
Fedhas
Gozag
Hepliaklqana
Kikubaaqudgha
Nemelex Xobeh
Qazlal
Sif Muna
Uskayaw
Vehumet
Wu Jian
Xom
Yredelemnul
Lugonu

Annotations:
D:3 3 runed translucent doors, yumyumyeen's ghost, amateur DsBe


Innate Abilities, Weirdness & Mutations

You have a pair of horns on your head.
You reflexively headbutt those who attack you in melee.


Message History

You block the killer bee's attack.
You closely miss the killer bee. You headbutt the killer bee.
The killer bee is heavily wounded.
You miss the killer bee. x2; You hit the killer bee.
You kill the killer bee!
You feel sick. The killer bee stings you.
* * * LOW HITPOINT WARNING * * *
The killer bee closely misses you. You furiously retaliate!
You headbutt the killer bee. The killer bee barely misses you.
The killer bee stings you but does no damage.
You block the killer bee's attack. The killer bee misses you.
You miss the killer bee.
The killer bee is heavily wounded.
You hit the killer bee.
You hit the killer bee but do no damage.
You feel sick. The killer bee barely misses you.
The killer bee stings you but does no damage.
You block the killer bee's attack.
The killer bee stings you but does no damage. x4
The killer bee stings you.
* * * LOW HITPOINT WARNING * * *
The killer bee stings you.
* * * LOW HITPOINT WARNING * * *
You are lethally poisoned!
The killer bee poisons you!
The killer bee stings you but does no damage.
You miss the killer bee. Your headbutt misses the killer bee.
The killer bee is heavily wounded.
You hit the killer bee. You slash the killer bee!
You barely miss the killer bee.
* * * LOW HITPOINT WARNING * * *
You feel very sick. The killer bee closely misses you. You furiously retaliate!
You headbutt the killer bee!
You kill the killer bee!
The killer bee barely misses you. The killer bee stings you.
* * * LOW HITPOINT WARNING * * *
You are more poisoned.
The killer bee poisons you! The killer bee stings you.
You die...

#~# #~# #.. #~# .# #.#
#~~ .# .########.# ~~#
.# ......#.#.# #~~#.
....).....# ~~~. #
.####.#y#.######~.# #
#.:y@#....).#~.# #
#...†y######.##.# #
#.......# #....# #
#.##....# #...## ### #
#.#..######..)#####..
..#.........))......#
####........).).......
.<#........)......#
######...#####.#


You could see 3 killer bees.

Vanquished Creatures
  A water moccasin (D:5)
  Pargi (Sewer)
  An ogre (D:5)
  A phantom (D:4)
  A necrophage (D:4)
  2 scorpions
  2 killer bees (D:5)
  A jelly (D:4)
  An orc priest (D:5)
  2 iguanas (D:4)
  5 adders
  2 ufetubi
  4 worms
  5 dart slugs
  8 orcs (D:5)
  7 endoplasms
  8 giant cockroaches
  4 goblins
  3 hobgoblins
  3 jackals (D:5)
  2 quokkas
  6 ball pythons
  8 bats
  5 frilled lizards
  8 kobolds
  9 rats
100 creatures vanquished.

Notes
Turn   | Place    | Note
-------+----------+-------------------------------------------
     0 | D:1      | bmack86 the Minotaur Fighter began the quest for the Orb.
     0 | D:1      | Reached XP level 1. HP: 19/19 MP: 0/0
    12 | D:1      | Found a faded altar of an unknown god.
   236 | D:1      | Reached XP level 2. HP: 25/27 MP: 1/1
   493 | D:2      | Reached XP level 3. HP: 30/33 MP: 2/2
   831 | D:2      | Found a shimmering altar of Xom.
   943 | D:2      | Reached XP level 4. HP: 41/41 MP: 3/3
  1470 | D:3      | Identified the +4 leather armour "Xunenal" {rC+}
  1597 | D:3      | Found a runed translucent gate.
  1597 | D:3      | Found a runed translucent gate.
  1597 | D:3      | Found a runed translucent gate.
  1600 | D:3      | Noticed yumyumyeen's ghost (amateur DsBe)
  1911 | D:4      | HP: 2/41 [iguana (5)]
  2120 | D:4      | Reached XP level 5. HP: 47/47 MP: 4/4
  2238 | D:4      | Reached skill level 5 in Fighting
  2248 | D:4      | Found an ornate altar of the Wu Jian Council.
  2253 | D:4      | Found a basalt altar of Yredelemnul.
  2253 | D:4      | Found a blossoming altar of Fedhas.
  2267 | D:4      | Found an ancient bone altar of Kikubaaqudgha.
  2267 | D:4      | Found a hazy altar of Hepliaklqana.
  2442 | D:4      | Found a staircase to the Ecumenical Temple.
  2450 | D:4      | Reached skill level 1 in Evocations
  2450 | D:4      | Reached XP level 6. HP: 49/56 MP: 5/5
  2477 | Temple   | Entered the Ecumenical Temple
  2664 | D:4      | Reached skill level 5 in Axes
  2910 | D:5      | Entered Level 5 of the Dungeon
  2925 | D:5      | Reached skill level 5 in Shields
  2926 | D:5      | Reached skill level 5 in Armour
  2926 | D:5      | Reached XP level 7. HP: 10/63 MP: 6/6
  3326 | D:5      | Found a glowing drain.
  3330 | Sewer    | Entered a sewer
  3359 | Sewer    | Noticed Pargi
  3366 | Sewer    | Killed Pargi
  3752 | D:5      | Slain by a killer bee

Illustrated notes

Levels and vault maps discovered:
D:1:      dpeg_arrival_shelter, layout_rooms, ebering_ecumenical_altar_petrified
D:2:      layout_basic, basic_altar, minmay_distorted
D:3:      layout_basic, biasface_ghost_orc_armoury
D:4:      layout_loops_ring, minmay_overflow_temple_star_hex,
          minmay_temple_entry_offerings
D:5:      layout_loops_cross, tso_altar, nicolae_ru_awakened_eye,
          gup_sewer_entry_spiral, chequers_serial_rivers_large_b, st_stairs_7
Temple:   corrupted_temple

Skill      XL: |  1  2  3  4  5  6  7 |
---------------+----------------------+-----
Fighting       | 4 5 6 |  6.9
Axes           | 3 4 5 6 |  6.4
Shields        | 4 5 |  5.5
Armour         | 4 5 |  5.5
Evocations     | 1 |  1.0

Action                   |  1- 3 |  4- 6 |  7- 9 || total
-------------------------+-------+-------+-------++-------
Melee: War axe           |    83 |    97 |    60 ||   240
       Headbutt          |     7 |    16 |     8 ||    31
  Use: Scroll            |       |     2 |     7 ||     9
Armor: Scale mail        |    35 |    30 |       ||    65
       Chain mail        |       |    30 |    62 ||    92
Dodge: Dodged            |    38 |    48 |    46 ||   132
Block: Buckler           |    31 |    23 |    23 ||    77

Table legend: (Time is in decaauts)
 A = Elapsed time spent in this place.
 B = Non-inter-level travel time spent in this place.
 C = Inter-level travel time spent in this place.
 D = Time resting spent in this place.
 E = Time spent auto-exploring this place.
 F = Levels seen in this place.
 G = Mean time per level.
                   A        B        C        D        E       F      G
               +--------+--------+--------+--------+--------+-----+--------+
         Total |   3868 |   3792 |     76 |    406 |   2053 |   7 |  552.6 |
       Dungeon |   3702 |   3641 |     61 |    406 |   2053 |   5 |  740.4 |
        Temple |     69 |     54 |     15 |      0 |      0 |   1 |   69.0 |
         Sewer |     96 |     96 |      0 |      0 |      0 |   1 |   96.0 |
               +--------+--------+--------+--------+--------+-----+--------+

Top non-repeatable levels by time:
     D:4: 1036 daAuts
     D:2: 890 daAuts
     D:5: 801 daAuts
     D:3: 566 daAuts
     D:1: 407 daAuts
   Sewer: 96 daAuts
  Temple: 69 daAuts
